 Seeded DCSS version 0.30-a0-1018-g25214051b3 (webtiles) character file.

Game seed: 10251679214228039280 (custom seed)

218 bmack86 the Chopper (level 5, -3/47 HPs)
             Began as a Minotaur Fighter on Apr 7, 2023.
             Succumbed to an orc wizard's poison
             ... on level 3 of the Dungeon.
             The game lasted 00:03:24 (1476 turns).

bmack86 the Chopper (Minotaur Fighter)              Turns: 1476, Time: 00:03:25

Health: -3/47      AC:  9    Str: 22    XL:     5   Next: 63%
Magic:  4/4        EV:  9    Int:  5    God:
Gold:   69         SH:  4    Dex: 10    Spells: 4/4 levels left

rFire   . . .      SeeInvis .    a - +0 war axe
rCold   . . .      Faith    +    c - +0 buckler
rNeg    . . .      Spirit   .    b - +0 scale mail
rPois   .          Reflect  .    (helmet restricted)
rElec   .          Rampage  .    (no cloak)
rCorr   .                        (no gloves)
Will    .....                    k - +1 pair of boots Stlth
                                 n - amulet of faith
HPRegen 0.27/turn                (no ring)
MPRegen 0.09/turn                (no ring)

@: lethally poisoned (-3 -> -27)
A: horns 2, retaliatory headbutt
a: no special abilities


You were on level 3 of the Dungeon.
You visited 1 branch of the dungeon, and saw 3 of its levels.

You collected 69 gold pieces.

Inventory:

Hand Weapons
 a - a +0 war axe (weapon)
Missiles
 l - a throwing net (quivered)
Armour
 b - a +0 scale mail (worn)
 c - a +0 buckler (worn)
 k - a +1 pair of boots (worn)
Jewellery
 n - an amulet of faith (around neck)
Scrolls
 g - 2 scrolls of fog {unknown}
 h - 2 scrolls of identify {unknown}
 i - 4 scrolls of enchant armour {unknown}
 j - a scroll of poison {unknown}
 m - a scroll of teleportation {unknown}
Potions
 d - a potion of might
 f - a potion of flight {unknown}


   Skills:
 + Level 4.7 Fighting
 * Level 4.9 Axes
 + Level 4.7 Armour
 + Level 4.7 Shields


You had 4 spell levels left.
You didn't know any spells.
Your spell library contained the following spells:

 Spells                   Type           Power      Damage    Failure   Level
 Freeze                   Ice            0%         1d3       86%         1
 Shock                    Conj/Air       0%         1d3       86%         1
 Frozen Ramparts          Ice            0%         1d1       99%         3
 Hailstorm                Conj/Ice       0%         3d3       99%         3
 Swiftness                Air            0%         N/A       99%         3
 Airstrike                Air            0%         2d(0-16)  100%        4


Dungeon Overview and Level Annotations

Branches:
Dungeon (3/15)

Altars:


Innate Abilities, Weirdness & Mutations

You have a pair of horns on your head.
You reflexively headbutt those who attack you in melee.


Message History

It was a potion of curing.
You feel better. Something hits you but does no damage.
You are poisoned.
The orc priest hits you but does no damage.
You feel better. Something hits you but does no damage.
The orc priest closely misses you. You furiously retaliate!
You headbutt the orc priest. You closely miss the orc priest.
The orc priest is heavily wounded.
You closely miss something. The orc priest hits you with a +0 mace.
Something hits you.
You closely miss the orc priest.
The orc priest is heavily wounded.
You miss something. The orc priest hits you with a +0 mace.
Something hits you but does no damage.
You are poisoned.
You hit the orc priest.
The orc priest is heavily wounded.
You closely miss something.
You feel very sick. The orc priest hits you with a +0 mace. Something hits you.
* * * LOW HITPOINT WARNING * * *
You are lethally poisoned!
You slash the orc priest!
You kill the orc priest!
You closely miss something.
* * * LOW HITPOINT WARNING * * *
You feel very sick.
You hear some strange, mumbled words.
A magic dart appears from out of thin air!
The magic dart hits you but does no damage.
Something hits you but does no damage.
You are more poisoned.
You hit something but do no damage.
* * * LOW HITPOINT WARNING * * *
You feel extremely sick. Something hits you but does no damage.
You are more poisoned.
You hit something.
You die...

.....#####.##.###.#
.........#.##.#...###
.....................
...# ##.............
... ###).#........
.#######..#........ #.
............#......
##..########.....#.##.#
#...o{@)...............
#...####†###.##..#..#.
... ..## ####### ## .
#.# #. #


You could see an orc.

Vanquished Creatures
  An orc priest (D:3)
  2 orc wizards (D:3)
  5 adders
  3 gnolls (D:2)
  2 worms (D:2)
  3 dart slugs
  5 orcs (D:3)
  3 ball pythons
  3 endoplasms
  2 giant cockroaches
  3 goblins
  4 hobgoblins
  3 jackals (D:1)
  6 kobolds
  A quokka (D:3)
  A bat (D:1)
  A frilled lizard (D:1)
  5 rats
53 creatures vanquished.

Notes
Turn   | Place    | Note
-------+----------+-------------------------------------------
     0 | D:1      | bmack86 the Minotaur Fighter began the quest for the Orb.
     0 | D:1      | Reached XP level 1. HP: 19/19 MP: 0/0
    76 | D:1      | Reached XP level 2. HP: 14/27 MP: 1/1
   572 | D:2      | Reached XP level 3. HP: 24/33 MP: 2/2
   813 | D:2      | Reached XP level 4. HP: 22/40 MP: 3/3
  1002 | D:2      | Found a faded altar of an unknown god.
  1366 | D:3      | Reached XP level 5. HP: 47/47 MP: 4/4
  1476 | D:3      | Succumbed to an orc wizard's poison

Illustrated notes

Levels and vault maps discovered:
D:1:      eino_arrival_cavern_b, layout_rooms, amethyst_killhole
D:2:      layout_loops_cross, hellmonk_ecumenical_altar_heavens_door
D:3:      layout_basic, lemuel_coloured_pillars_altar,
          nicolae_gozag_cash_rules_everything_around_me, old_standard_altar,
          grunt_ministairs_10, supply_closet_lemuel, nrook_mini_vaults,
          nicolae_half_adder

Skill      XL: |  1  2  3  4 |
---------------+-------------+-----
Axes           | 3 4 |  4.9
Fighting       | 4 |  4.7
Armour         | 4 |  4.7
Shields        | 4 |  4.7

Action                     |  1- 3 |  4- 6 || total
---------------------------+-------+-------++-------
  Melee: War axe           |    61 |    70 ||   131
         Headbutt          |     9 |     4 ||    13
    Use: Potion            |       |     2 ||     2
 Armour: Scale mail        |    46 |    58 ||   104
  Dodge: Dodged            |    44 |    29 ||    73
  Block: Buckler           |    21 |    15 ||    36

Table legend: (Time is in decaauts)
 A = Elapsed time spent in this place.
 B = Non-inter-level travel time spent in this place.
 C = Inter-level travel time spent in this place.
 D = Time resting spent in this place.
 E = Time spent auto-exploring this place.
 F = Levels seen in this place.
 G = Mean time per level.
                   A        B        C        D        E       F      G
               +--------+--------+--------+--------+--------+-----+--------+
         Total |   1521 |   1494 |     27 |      0 |    980 |   3 |  507.0 |
       Dungeon |   1521 |   1494 |     27 |      0 |    980 |   3 |  507.0 |
               +--------+--------+--------+--------+--------+-----+--------+

Top non-repeatable levels by time:
     D:2: 839 daAuts
     D:1: 509 daAuts
     D:3: 172 daAuts
